Dynamic Boxscore Link
Massachusetts
Militia
18-22
3
FINAL
5
San Francisco
Orcas
18-19
Summary
Boxscore
Lineups
Recap

1st Period

1-0 MILScore
6:46Time
5v5Type
1-1 TiedScore
11:31Time
5v5Type

2nd Period

2-1 ORCScore
0:49Time
5v5Type
3-1 ORCScore
2:45Time
5v5Type
3-2 ORCScore
10:59Time
5v5Type
3-3 TiedScore
14:37Time
5v5Type

3rd Period

4-3 ORCScore
6:49Time
PPType
5-3 ORCScore
16:33Time
5v5Type

Penalties

1st Period
Mackenzie Strand (MIL) for Hooking (Minor) at 3:36
Terry Vasey (MIL) for Tripping (Minor) at 13:16
2nd Period
Alec Welsford (MIL) for Tripping (Minor) at 4:33
David Manno (ORC) for Hooking (Minor) at 14:56
3rd Period
Ignaty Otlesnov (MIL) for Hooking (Minor) at 2:56
Alec Welsford (MIL) for High sticking (Minor) at 6:19
Max Cooper (ORC) for Tripping (Minor) at 10:41
Ignaty Otlesnov (MIL) for Holding (Minor) at 19:14
MIL
ORC

Massachusetts Militia

# Player Pos G A PTS +/- S PIM TOI SB Hits GA TA
0 Alec Welsford C 0 1 1 1 2 4 16:45 1 3 0 0
40 Lennox Henry RW 1 0 1 -1 1 0 14:28 0 3 4 0
77 Mackenzie Strand D 0 1 1 0 0 2 21:12 0 2 0 1
11 Nicolas Milliner RW 1 0 1 1 5 0 10:58 0 1 1 0
78 Jeffrey Mitton C 0 1 1 -1 1 0 15:42 0 1 0 0
0 Ignaty Otlesnov D 0 1 1 1 1 4 14:52 1 1 0 0
85 Russ Berlin RW 1 0 1 -1 3 0 11:09 0 1 0 0
0 Niko-Markus Tukia LW 0 1 1 -1 3 0 17:14 1 1 1 0
93 Reading Hosler D 0 0 0 -2 1 0 20:01 1 2 0 1
9 Amadeus Helm RW 0 0 0 0 3 0 12:06 0 1 0 0
63 Melvin Hertz D 0 0 0 0 2 0 20:01 0 0 0 0
5 Marly Ruttan C 0 0 0 0 1 0 12:54 0 1 1 0
71 Curtis Rowlands D 0 0 0 -2 2 0 23:16 1 1 2 0
97 Terry Vasey LW 0 0 0 1 2 2 16:41 1 2 1 0
10 Lachlan Zilligen D 0 0 0 1 0 0 20:48 1 2 1 0
82 Marten Gronvall LW 0 0 0 -1 4 0 15:59 0 0 4 1
0 Thornton Upchurch LW 0 0 0 0 2 0 12:27 1 1 1 0
25 Klemen Napotnik C 0 0 0 -1 0 0 14:10 0 1 0 0
# Goalie GA SA SV SV% TOI
31 Vladislav Stasenko 0 0 0 0.000 0:00
32 Aleksey Popleteyev 5 32 27 0.844 60:00
MIL
ORC

Militia

Militia

5 vs 5 Forward
Line #Left WingCenterRight WingPHYDFOFWanted %Time %Time Play
1Marten GronvallKlemen NapotnikLennox Henry0052527%12:36
2Terry VaseyAlec WelsfordNicolas Milliner0052523%11:00
3Niko-Markus TukiaJeffrey MittonRuss Berlin0052524%11:09
4Thornton UpchurchMarly RuttanAmadeus Helm0052526%12:06
5 vs 5 Defense
Line #DefenseDefensePHYDFOFWanted %Time %Time Play
1Mackenzie StrandMelvin Hertz0323032%15:00
2Ignaty OtlesnovLachlan Zilligen0323030%14:09
3Curtis RowlandsReading Hosler0323032%15:06
4Melvin HertzMackenzie Strand032106%2:36
Power Play Forward
Line #Left WingCenterRight WingPHYDFOFWanted %Time %Time Play
1Marten GronvallAlec WelsfordLennox Henry0055053%2:06
2Terry VaseyKlemen NapotnikNiko-Markus Tukia0055047%1:52
Power Play Defense
Line #DefenseDefensePHYDFOFWanted %Time %Time Play
1Curtis RowlandsMelvin Hertz0055045%1:48
2Mackenzie StrandLachlan Zilligen0055055%2:10
Penalty Kill 4 Players Forward
Line #CenterWingPHYDFOFWanted %Time %Time Play
1Alec WelsfordNiko-Markus Tukia0505049%4:30
2Jeffrey MittonTerry Vasey0505051%4:41
Penalty Kill 4 Players Defense
Line #DefenseDefensePHYDFOFWanted %Time %Time Play
1Curtis RowlandsMackenzie Strand0505051%4:42
2Reading HoslerLachlan Zilligen0505049%4:29
Penalty Kill 3 Players
Line #WingPHYDFOFWanted %Time %Time PlayDefenseDefensePHYDFOFWanted %Time %Time Play
1Terry Vasey050500%0:00 Curtis RowlandsMackenzie Strand050500%0:00
2Jeffrey Mitton050500%0:00 Reading HoslerLachlan Zilligen050500%0:00
4 vs 4 Forward
Line #CenterWingPHYDFOFWanted %Time %Time Play
1Marten GronvallNiko-Markus Tukia005500%0:00
2Alec WelsfordTerry Vasey005500%0:00
4 vs 4 Defense
Line #DefensePHYDFOFWanted %Time %Time Play
1Mackenzie StrandMelvin Hertz005500%0:00
2Reading HoslerLachlan Zilligen005500%0:00
Last Minutes Offensive
Left WingCenterRight WingDefenseDefense
Niko-Markus TukiaKlemen NapotnikNicolas MillinerMackenzie StrandMelvin Hertz
Last Minutes Defensive
Left WingCenterRight WingDefenseDefense
Terry VaseyMarly RuttanAmadeus HelmReading HoslerLachlan Zilligen
Time
Total ForwardTotal DefenseLast Minutes OffensiveLast Minutes Defensive
60:00 60:00 0:000:00
Extra Forwards
Normal PowerPlayPenalty Kill
Terry Vasey, Marten Gronvall, Thornton UpchurchTerry Vasey, Marten GronvallTerry Vasey
Extra Defensemen
Normal PowerPlayPenalty Kill
Lachlan Zilligen, Ignaty Otlesnov, Mackenzie StrandLachlan Zilligen, Lachlan ZilligenMackenzie Strand
Penalty Shots
Nicolas Milliner, Terry Vasey, Jeffrey Mitton, Niko-Markus Tukia, Thornton Upchurch
Goalie
Aleksey Popleteyev, Vladislav Stasenko
Custom OT Lines Forwards
Alec Welsford, Lennox Henry, Jeffrey Mitton, Niko-Markus Tukia, Terry Vasey, Marten Gronvall, Thornton Upchurch, Marly Ruttan, Russ Berlin, Klemen Napotnik
Custom OT Lines Defensemen
Mackenzie Strand, Melvin Hertz, Reading Hosler, Lachlan Zilligen, Ignaty Otlesnov
Scratches
Hartley OCurry (Lower Body Injury), Josiah Hilts (Healthy)
1st Period

0:01 of 1st period - Srebrenko Cvitanovic wins face-off versus Klemen Napotnik in neutral zone.
0:12 of 1st period - Off-side.
0:13 of 1st period - Carsten Kerly wins face-off versus Alec Welsford in neutral zone.
0:28 of 1st period - Slapshot by Terry Vasey.
0:28 of 1st period - Stopped by Jessey Tarasuk with a rebound.
1:21 of 1st period - Off-side.
1:22 of 1st period - Lennox Henry wins face-off versus Mikko-Matti Forsblad in neutral zone.
1:49 of 1st period - Marten Gronvall is hit by Reeti Tiitinen and loses puck.
2:12 of 1st period - Slapshot by Melvin Hertz.
2:12 of 1st period - Stopped by Jessey Tarasuk without a rebound.
2:13 of 1st period - Alec Welsford wins face-off versus Antonio Macphedron in Orcas zone.
2:20 of 1st period - Snap shot by Terry Vasey.
2:20 of 1st period - Shot Misses the Net.
2:48 of 1st period - Antonio Macphedron is hit by Russ Berlin and loses puck.
3:03 of 1st period - Wrist shot by Antonio Macphedron.
3:03 of 1st period - Stopped by Aleksey Popleteyev with a rebound.
3:27 of 1st period - Wrist shot by Klemen Napotnik.
3:27 of 1st period - Shot Misses the Net.
3:36 of 1st period - Minor Penalty to Mackenzie Strand for Hooking.
3:37 of 1st period - Srebrenko Cvitanovic wins face-off versus Alec Welsford in Militia zone.
3:44 of 1st period - Wrist shot by Srebrenko Cvitanovic.
3:44 of 1st period - Shot Hit the Post.
4:12 of 1st period - Wrist shot by Alec Welsford.
4:12 of 1st period - Stopped by Jessey Tarasuk with a rebound.
5:36 of 1st period - Penalty to Mackenzie Strand is over, Mackenzie Strand is back on ice.
6:25 of 1st period - Wilhelm Norden is hit by Amadeus Helm and loses puck.
6:44 of 1st period - Snap shot by Niko-Markus Tukia.
6:44 of 1st period - Stopped by Jessey Tarasuk with a rebound.
6:46 of 1st period - Wrist shot by Jeffrey Mitton.
6:46 of 1st period - Deflect By Russ Berlin.
6:46 of 1st period - Goal by Russ Berlin - Militia : 1 - Orcas : 0.
6:47 of 1st period - Alec Welsford wins face-off versus Srebrenko Cvitanovic in neutral zone.
8:17 of 1st period - Wrist shot by Jamal Gratton.
8:17 of 1st period - Shot Misses the Net.
8:19 of 1st period - Slapshot by Qi Chongkun.
8:19 of 1st period - Stopped by Aleksey Popleteyev without a rebound.
8:20 of 1st period - Alec Welsford wins face-off versus Carsten Kerly in Militia zone.
8:24 of 1st period - Off-side.
8:25 of 1st period - Jeffrey Mitton wins face-off versus Srebrenko Cvitanovic in neutral zone.
8:36 of 1st period - Snap shot by David Manno.
8:36 of 1st period - Shot Misses the Net.
8:52 of 1st period - Reeti Tiitinen is hit by Alec Welsford and loses puck.
9:19 of 1st period - Wrist shot by Thornton Upchurch.
9:19 of 1st period - Deflect By Amadeus Helm.
9:19 of 1st period - Shot Blocked by Jefferey OHoran.
9:19 of 1st period - Puck is out of play.
9:20 of 1st period - Srebrenko Cvitanovic wins face-off versus Marly Ruttan in Orcas zone.
9:43 of 1st period - Snap shot by Thornton Upchurch.
9:43 of 1st period - Shot Misses the Net.
9:53 of 1st period - Snap shot by Thornton Upchurch.
9:53 of 1st period - Shot Misses the Net.
9:55 of 1st period - Backhand shot by Amadeus Helm.
9:55 of 1st period - Stopped by Jessey Tarasuk with a rebound.
9:57 of 1st period - Slapshot by Ignaty Otlesnov.
9:57 of 1st period - Shot Hit the Post.
9:59 of 1st period - Wrist shot by Amadeus Helm.
9:59 of 1st period - Shot Blocked by David Manno.
10:01 of 1st period - Snap shot by Thornton Upchurch.
10:01 of 1st period - Shot Misses the Net.
10:03 of 1st period - Snap shot by Lachlan Zilligen.
10:03 of 1st period - Shot Misses the Net.
10:05 of 1st period - Backhand shot by Amadeus Helm.
10:05 of 1st period - Shot Misses the Net.
10:07 of 1st period - Slapshot by Thornton Upchurch.
10:07 of 1st period - Shot Misses the Net.
10:09 of 1st period - Slapshot by Ignaty Otlesnov.
10:09 of 1st period - Deflect By Amadeus Helm.
10:09 of 1st period - Stopped by Jessey Tarasuk with a rebound.
10:11 of 1st period - Slapshot by Ignaty Otlesnov.
10:11 of 1st period - Stopped by Jessey Tarasuk with a rebound.
10:13 of 1st period - Slapshot by Ignaty Otlesnov.
10:13 of 1st period - Shot Misses the Net.
10:21 of 1st period - Snap shot by Thornton Upchurch.
10:21 of 1st period - Deflect By Marly Ruttan.
10:21 of 1st period - Shot Misses the Net.
10:21 of 1st period - Puck is out of play.
10:22 of 1st period - Mikko-Matti Forsblad wins face-off versus Jeffrey Mitton in Orcas zone.
10:33 of 1st period - Snap shot by Justice Wang.
10:33 of 1st period - Stopped by Aleksey Popleteyev with a rebound.
10:35 of 1st period - Wrist shot by Mikko-Matti Forsblad.
10:35 of 1st period - Shot Blocked by Curtis Rowlands.
10:37 of 1st period - Slapshot by Mikko-Matti Forsblad.
10:37 of 1st period - Shot Blocked by Reading Hosler.
10:53 of 1st period - Snap shot by Klemen Napotnik.
10:53 of 1st period - Shot Blocked by Reeti Tiitinen.
11:19 of 1st period - Wrist shot by Darian Goebel.
11:19 of 1st period - Stopped by Aleksey Popleteyev without a rebound.
11:20 of 1st period - Antonio Macphedron wins face-off versus Alec Welsford in Militia zone.
11:23 of 1st period - Snap shot by Antonio Macphedron.
11:23 of 1st period - Stopped by Aleksey Popleteyev without a rebound.
11:24 of 1st period - Antonio Macphedron wins face-off versus Jeffrey Mitton in Militia zone.
11:29 of 1st period - Snap shot by Jefferey OHoran.
11:29 of 1st period - Deflect By Antonio Macphedron.
11:29 of 1st period - Stopped by Aleksey Popleteyev with a rebound.
11:31 of 1st period - Slapshot by Darian Goebel.
11:31 of 1st period - Goal by Darian Goebel - Militia : 1 - Orcas : 1.
11:32 of 1st period - Carsten Kerly wins face-off versus Terry Vasey in neutral zone.
12:20 of 1st period - Snap shot by Melvin Hertz.
12:20 of 1st period - Stopped by Jessey Tarasuk without a rebound.
12:21 of 1st period - Antonio Macphedron wins face-off versus Klemen Napotnik in Orcas zone.
12:34 of 1st period - Slapshot by Antonio Macphedron.
12:34 of 1st period - Stopped by Aleksey Popleteyev with a rebound.
12:36 of 1st period - Snap shot by Jefferey OHoran.
12:36 of 1st period - Shot Misses the Net.
12:38 of 1st period - Snap shot by Sixten Angstrom.
12:38 of 1st period - Deflect By Reading Hosler.
12:38 of 1st period - Stopped by Aleksey Popleteyev with a rebound.
12:46 of 1st period - Antonio Macphedron is hit by Klemen Napotnik and loses puck.
12:53 of 1st period - Slapshot by Marten Gronvall.
12:53 of 1st period - Shot Blocked by Carey Griffiths.
12:55 of 1st period - Slapshot by Reading Hosler.
12:55 of 1st period - Stopped by Jessey Tarasuk with a rebound.
12:59 of 1st period - Snap shot by Marten Gronvall.
12:59 of 1st period - Deflect By Klemen Napotnik.
12:59 of 1st period - Shot Misses the Net.
12:59 of 1st period - Puck is out of play.
13:00 of 1st period - Carsten Kerly wins face-off versus Alec Welsford in Orcas zone.
13:16 of 1st period - Minor Penalty to Terry Vasey for Tripping.
13:17 of 1st period - Marten Gronvall wins face-off versus Mikko-Matti Forsblad in Militia zone.
13:17 of 1st period - Marten Gronvall is hit by Justice Wang.
14:21 of 1st period - Marten Gronvall is hit by Sixten Angstrom and loses puck.
14:54 of 1st period - Carey Griffiths is hit by Alec Welsford and loses puck.
15:16 of 1st period - Penalty to Terry Vasey is over, Terry Vasey is back on ice.
15:23 of 1st period - Wrist shot by Thornton Upchurch.
15:23 of 1st period - Shot Misses the Net.
15:25 of 1st period - Slapshot by Ignaty Otlesnov.
15:25 of 1st period - Deflect By Amadeus Helm.
15:25 of 1st period - Shot Misses the Net.
15:25 of 1st period - Puck is out of play.
15:26 of 1st period - Marly Ruttan wins face-off versus Antonio Macphedron in Orcas zone.
15:53 of 1st period - Snap shot by Antonio Macphedron.
15:53 of 1st period - Stopped by Aleksey Popleteyev with a rebound.
16:12 of 1st period - Antonio Macphedron is hit by Ignaty Otlesnov and loses puck.
16:57 of 1st period - Wrist shot by Antonio Macphedron.
16:57 of 1st period - Shot Blocked by Thornton Upchurch.
17:05 of 1st period - Snap shot by Antonio Macphedron.
17:05 of 1st period - Deflect By Darian Goebel.
17:05 of 1st period - Stopped by Aleksey Popleteyev with a rebound.
17:43 of 1st period - Wrist shot by Antonio Macphedron.
17:43 of 1st period - Shot Misses the Net.
17:45 of 1st period - Slapshot by Carey Griffiths.
17:45 of 1st period - Deflect By Darian Goebel.
17:45 of 1st period - Shot Blocked by Ignaty Otlesnov.
17:45 of 1st period - Puck is out of play.
17:46 of 1st period - Carsten Kerly wins face-off versus Jeffrey Mitton in Militia zone.
18:13 of 1st period - Reading Hosler is hit by Reeti Tiitinen and loses puck.
19:15 of 1st period - Jeffrey Mitton is hit by Jamal Gratton and loses puck.
19:26 of 1st period - Max Cooper is hit by Lennox Henry.
19:58 of 1st period - Justice Wang is hit by Jeffrey Mitton and loses puck.
Goals for this period are 1 for Militia vs 1 for Orcas.
Shots for this period are 10 for Militia vs 11 for Orcas.
2nd Period

0:01 of 2nd period - Carsten Kerly wins face-off versus Jeffrey Mitton in neutral zone.
0:14 of 2nd period - Snap shot by Justice Wang.
0:14 of 2nd period - Stopped by Aleksey Popleteyev without a rebound.
0:15 of 2nd period - Alec Welsford wins face-off versus Srebrenko Cvitanovic in Militia zone.
0:26 of 2nd period - Wrist shot by Keegan Ramkema.
0:26 of 2nd period - Shot Misses the Net.
0:42 of 2nd period - Sixten Angstrom is hit by Niko-Markus Tukia and loses puck.
0:49 of 2nd period - Wrist shot by Carsten Kerly.
0:49 of 2nd period - Goal by Carsten Kerly - Militia : 1 - Orcas : 2.
0:50 of 2nd period - Srebrenko Cvitanovic wins face-off versus Klemen Napotnik in neutral zone.
0:50 of 2nd period - Sixten Angstrom is hit by Lennox Henry and loses puck.
0:55 of 2nd period - Sixten Angstrom is hit by Mackenzie Strand.
1:18 of 2nd period - Niko-Markus Tukia is hit by Carsten Kerly and loses puck.
2:06 of 2nd period - Off-side.
2:07 of 2nd period - Klemen Napotnik wins face-off versus Srebrenko Cvitanovic in neutral zone.
2:32 of 2nd period - Reading Hosler is hit by Srebrenko Cvitanovic and loses puck.
2:43 of 2nd period - Snap shot by Keegan Ramkema.
2:43 of 2nd period - Stopped by Aleksey Popleteyev with a rebound.
2:45 of 2nd period - Slapshot by Srebrenko Cvitanovic.
2:45 of 2nd period - Goal by Srebrenko Cvitanovic - Militia : 1 - Orcas : 3.
2:46 of 2nd period - Carsten Kerly wins face-off versus Niko-Markus Tukia in neutral zone.
2:49 of 2nd period - Wrist shot by Jamal Gratton.
2:49 of 2nd period - Shot Blocked by Niko-Markus Tukia.
3:12 of 2nd period - Alec Welsford is hit by David Manno and loses puck.
3:54 of 2nd period - Icing by Sixten Angstrom.
3:55 of 2nd period - Klemen Napotnik wins face-off versus Srebrenko Cvitanovic in Orcas zone.
4:10 of 2nd period - Snap shot by Niko-Markus Tukia.
4:10 of 2nd period - Deflect By Russ Berlin.
4:10 of 2nd period - Shot Misses the Net.
4:10 of 2nd period - Puck is out of play.
4:11 of 2nd period - Mikko-Matti Forsblad wins face-off versus Alec Welsford in Orcas zone.
4:11 of 2nd period - Mikko-Matti Forsblad is hit by Alec Welsford.
4:33 of 2nd period - Minor Penalty to Alec Welsford for Tripping.
4:34 of 2nd period - Mikko-Matti Forsblad wins face-off versus Terry Vasey in Militia zone.
4:51 of 2nd period - Lachlan Zilligen is hit by Mikko-Matti Forsblad and loses puck.
6:33 of 2nd period - Penalty to Alec Welsford is over, Alec Welsford is back on ice.
6:43 of 2nd period - Slapshot by Lennox Henry.
6:43 of 2nd period - Shot Blocked by Sixten Angstrom.
6:49 of 2nd period - Ignaty Otlesnov is hit by Reeti Tiitinen and loses puck.
7:14 of 2nd period - Slapshot by Melvin Hertz.
7:14 of 2nd period - Shot Misses the Net.
7:16 of 2nd period - Wrist shot by Nicolas Milliner.
7:16 of 2nd period - Shot Blocked by Carsten Kerly.
7:18 of 2nd period - Wrist shot by Alec Welsford.
7:18 of 2nd period - Stopped by Jessey Tarasuk with a rebound.
7:20 of 2nd period - Snap shot by Nicolas Milliner.
7:20 of 2nd period - Stopped by Jessey Tarasuk with a rebound.
7:48 of 2nd period - Darian Goebel is hit by Nicolas Milliner and loses puck.
8:58 of 2nd period - Reeti Tiitinen is hit by Marly Ruttan and loses puck.
9:26 of 2nd period - Qi Chongkun is hit by Lachlan Zilligen and loses puck.
9:53 of 2nd period - Wilhelm Norden is hit by Thornton Upchurch and loses puck.
10:41 of 2nd period - Snap shot by Russ Berlin.
10:41 of 2nd period - Stopped by Jessey Tarasuk with a rebound.
10:43 of 2nd period - Snap shot by Niko-Markus Tukia.
10:43 of 2nd period - Stopped by Jessey Tarasuk with a rebound.
10:45 of 2nd period - Snap shot by Russ Berlin.
10:45 of 2nd period - Stopped by Jessey Tarasuk with a rebound.
10:55 of 2nd period - Wrist shot by Alec Welsford.
10:55 of 2nd period - Shot Misses the Net.
10:57 of 2nd period - Slapshot by Ignaty Otlesnov.
10:57 of 2nd period - Deflect By Nicolas Milliner.
10:57 of 2nd period - Stopped by Jessey Tarasuk with a rebound.
10:59 of 2nd period - Wrist shot by Nicolas Milliner.
10:59 of 2nd period - Goal by Nicolas Milliner - Militia : 2 - Orcas : 3.
11:00 of 2nd period - Jeffrey Mitton wins face-off versus Carsten Kerly in neutral zone.
11:18 of 2nd period - Jeffrey Mitton is hit by Qi Chongkun and loses puck.
11:33 of 2nd period - Ignaty Otlesnov is hit by Keegan Ramkema and loses puck.
11:59 of 2nd period - Slapshot by Marten Gronvall.
11:59 of 2nd period - Stopped by Jessey Tarasuk with a rebound.
12:19 of 2nd period - Mikko-Matti Forsblad is hit by Reading Hosler and loses puck.
12:35 of 2nd period - Icing by Thornton Upchurch.
12:36 of 2nd period - Srebrenko Cvitanovic wins face-off versus Jeffrey Mitton in Militia zone.
13:48 of 2nd period - Amadeus Helm is hit by David Manno and loses puck.
14:05 of 2nd period - Mackenzie Strand is hit by Jamal Gratton and loses puck.
14:37 of 2nd period - Slapshot by Lennox Henry.
14:37 of 2nd period - Goal by Lennox Henry - Militia : 3 - Orcas : 3.
14:38 of 2nd period - Carsten Kerly wins face-off versus Alec Welsford in neutral zone.
14:38 of 2nd period - Carsten Kerly is hit by Terry Vasey.
14:51 of 2nd period - Snap shot by Terry Vasey.
14:51 of 2nd period - Shot Misses the Net.
14:53 of 2nd period - Snap shot by Nicolas Milliner.
14:53 of 2nd period - Stopped by Jessey Tarasuk without a rebound.
14:54 of 2nd period - Srebrenko Cvitanovic wins face-off versus Jeffrey Mitton in Orcas zone.
14:56 of 2nd period - Minor Penalty to David Manno for Hooking.
14:57 of 2nd period - Srebrenko Cvitanovic wins face-off versus Alec Welsford in Orcas zone.
16:20 of 2nd period - Niko-Markus Tukia is hit by Sixten Angstrom and loses puck.
16:51 of 2nd period - Off-side.
16:52 of 2nd period - Alec Welsford wins face-off versus Mikko-Matti Forsblad in neutral zone.
16:56 of 2nd period - Penalty to David Manno is over, David Manno is back on ice.
17:17 of 2nd period - Slapshot by Darian Goebel.
17:17 of 2nd period - Stopped by Aleksey Popleteyev with a rebound.
17:19 of 2nd period - Snap shot by Darian Goebel.
17:19 of 2nd period - Shot Hit the Post.
17:21 of 2nd period - Backhand shot by Antonio Macphedron.
17:21 of 2nd period - Shot Misses the Net.
17:53 of 2nd period - Alec Welsford is hit by Carsten Kerly and loses puck.
18:14 of 2nd period - Wrist shot by Marten Gronvall.
18:14 of 2nd period - Shot Blocked by Max Cooper.
18:16 of 2nd period - Wrist shot by Marten Gronvall.
18:16 of 2nd period - Shot Misses the Net.
18:51 of 2nd period - Snap shot by Justice Wang.
18:51 of 2nd period - Shot Misses the Net.
18:53 of 2nd period - Slapshot by Mikko-Matti Forsblad.
18:53 of 2nd period - Stopped by Aleksey Popleteyev without a rebound.
18:54 of 2nd period - Carsten Kerly wins face-off versus Klemen Napotnik in Militia zone.
18:55 of 2nd period - Snap shot by Jamal Gratton.
18:55 of 2nd period - Shot Misses the Net.
19:13 of 2nd period - Justice Wang is hit by Lennox Henry.
19:14 of 2nd period - Icing by Justice Wang.
19:15 of 2nd period - Alec Welsford wins face-off versus Carsten Kerly in Orcas zone.
Goals for this period are 2 for Militia vs 2 for Orcas.
Shots for this period are 10 for Militia vs 6 for Orcas.
3rd Period

0:01 of 3rd period - Mikko-Matti Forsblad wins face-off versus Jeffrey Mitton in neutral zone.
0:03 of 3rd period - Sixten Angstrom is hit by Reading Hosler and loses puck.
0:13 of 3rd period - Slapshot by Curtis Rowlands.
0:13 of 3rd period - Shot Blocked by Sixten Angstrom.
0:17 of 3rd period - Snap shot by Niko-Markus Tukia.
0:17 of 3rd period - Stopped by Jessey Tarasuk with a rebound.
0:32 of 3rd period - Reeti Tiitinen is hit by Lachlan Zilligen.
0:54 of 3rd period - Slapshot by Darian Goebel.
0:54 of 3rd period - Shot Blocked by Lachlan Zilligen.
0:56 of 3rd period - Wrist shot by Jefferey OHoran.
0:56 of 3rd period - Stopped by Aleksey Popleteyev without a rebound.
0:57 of 3rd period - Carsten Kerly wins face-off versus Klemen Napotnik in Militia zone.
0:58 of 3rd period - Wrist shot by Jamal Gratton.
0:58 of 3rd period - Stopped by Aleksey Popleteyev without a rebound.
0:59 of 3rd period - Carsten Kerly wins face-off versus Niko-Markus Tukia in Militia zone.
1:12 of 3rd period - Snap shot by Justice Wang.
1:12 of 3rd period - Shot Misses the Net.
1:14 of 3rd period - Slapshot by Jamal Gratton.
1:14 of 3rd period - Stopped by Aleksey Popleteyev without a rebound.
1:15 of 3rd period - Marly Ruttan wins face-off versus Srebrenko Cvitanovic in Militia zone.
1:20 of 3rd period - Slapshot by Amadeus Helm.
1:20 of 3rd period - Shot Misses the Net.
2:39 of 3rd period - Wrist shot by Keegan Ramkema.
2:39 of 3rd period - Stopped by Aleksey Popleteyev without a rebound.
2:40 of 3rd period - Mikko-Matti Forsblad wins face-off versus Klemen Napotnik in Militia zone.
2:56 of 3rd period - Minor Penalty to Ignaty Otlesnov for Hooking.
2:57 of 3rd period - Mikko-Matti Forsblad wins face-off versus Jeffrey Mitton in Militia zone.
3:01 of 3rd period - Snap shot by Jamal Gratton.
3:01 of 3rd period - Shot Blocked by Terry Vasey.
3:13 of 3rd period - Slapshot by Carey Griffiths.
3:13 of 3rd period - Shot Misses the Net.
3:37 of 3rd period - Wrist shot by David Manno.
3:37 of 3rd period - Stopped by Aleksey Popleteyev with a rebound.
3:39 of 3rd period - Slapshot by Keegan Ramkema.
3:39 of 3rd period - Shot Blocked by Alec Welsford.
4:30 of 3rd period - Icing by Qi Chongkun.
4:31 of 3rd period - Jeffrey Mitton wins face-off versus Justice Wang in Orcas zone.
4:56 of 3rd period - Penalty to Ignaty Otlesnov is over, Ignaty Otlesnov is back on ice.
5:00 of 3rd period - Ignaty Otlesnov is hit by Jefferey OHoran and loses puck.
5:05 of 3rd period - Slapshot by Antonio Macphedron.
5:05 of 3rd period - Stopped by Aleksey Popleteyev with a rebound.
5:07 of 3rd period - Snap shot by Max Cooper.
5:07 of 3rd period - Stopped by Aleksey Popleteyev without a rebound.
5:08 of 3rd period - Antonio Macphedron wins face-off versus Marly Ruttan in Militia zone.
5:41 of 3rd period - Snap shot by Marten Gronvall.
5:41 of 3rd period - Stopped by Jessey Tarasuk with a rebound.
6:19 of 3rd period - Minor Penalty to Alec Welsford for High sticking.
6:20 of 3rd period - Srebrenko Cvitanovic wins face-off versus Jeffrey Mitton in Militia zone.
6:33 of 3rd period - Snap shot by Keegan Ramkema.
6:33 of 3rd period - Stopped by Aleksey Popleteyev without a rebound.
6:34 of 3rd period - Jeffrey Mitton wins face-off versus Mikko-Matti Forsblad in Militia zone.
6:45 of 3rd period - Slapshot by Reeti Tiitinen.
6:45 of 3rd period - Stopped by Aleksey Popleteyev with a rebound.
6:47 of 3rd period - Wrist shot by Sixten Angstrom.
6:47 of 3rd period - Deflect By Jamal Gratton.
6:47 of 3rd period - Shot Misses the Net.
6:47 of 3rd period - Puck is out of play.
6:48 of 3rd period - Srebrenko Cvitanovic wins face-off versus Terry Vasey in Militia zone.
6:49 of 3rd period - Wrist shot by Keegan Ramkema.
6:49 of 3rd period - Goal by Keegan Ramkema - Militia : 3 - Orcas : 4.
6:50 of 3rd period - Jeffrey Mitton wins face-off versus Carsten Kerly in neutral zone.
7:37 of 3rd period - Sixten Angstrom is hit by Terry Vasey and loses puck.
7:46 of 3rd period - Snap shot by Nicolas Milliner.
7:46 of 3rd period - Stopped by Jessey Tarasuk with a rebound.
7:48 of 3rd period - Snap shot by Nicolas Milliner.
7:48 of 3rd period - Shot Misses the Net.
7:58 of 3rd period - Wrist shot by Reeti Tiitinen.
7:58 of 3rd period - Stopped by Aleksey Popleteyev without a rebound.
7:59 of 3rd period - Klemen Napotnik wins face-off versus Mikko-Matti Forsblad in Militia zone.
8:26 of 3rd period - Lennox Henry is hit by Eduard Yerokhin and loses puck.
8:47 of 3rd period - Snap shot by Marten Gronvall.
8:47 of 3rd period - Stopped by Jessey Tarasuk without a rebound.
8:48 of 3rd period - Srebrenko Cvitanovic wins face-off versus Jeffrey Mitton in Orcas zone.
9:16 of 3rd period - Jefferey OHoran is hit by Curtis Rowlands and loses puck.
9:45 of 3rd period - Snap shot by Nicolas Milliner.
9:45 of 3rd period - Shot Blocked by Wilhelm Norden.
9:47 of 3rd period - Slapshot by Reading Hosler.
9:47 of 3rd period - Shot Misses the Net.
9:49 of 3rd period - Snap shot by Nicolas Milliner.
9:49 of 3rd period - Shot Misses the Net.
10:01 of 3rd period - Max Cooper is hit by Mackenzie Strand and loses puck.
10:17 of 3rd period - Icing by Max Cooper.
10:18 of 3rd period - Jeffrey Mitton wins face-off versus Srebrenko Cvitanovic in Orcas zone.
10:27 of 3rd period - Snap shot by Niko-Markus Tukia.
10:27 of 3rd period - Shot Blocked by Max Cooper.
10:29 of 3rd period - Slapshot by Ignaty Otlesnov.
10:29 of 3rd period - Shot Misses the Net.
10:31 of 3rd period - Slapshot by Ignaty Otlesnov.
10:31 of 3rd period - Shot Blocked by Wilhelm Norden.
10:33 of 3rd period - Snap shot by Jeffrey Mitton.
10:33 of 3rd period - Stopped by Jessey Tarasuk with a rebound.
10:41 of 3rd period - Minor Penalty to Max Cooper for Tripping.
10:42 of 3rd period - Klemen Napotnik wins face-off versus Mikko-Matti Forsblad in Orcas zone.
12:41 of 3rd period - Penalty to Max Cooper is over, Max Cooper is back on ice.
12:48 of 3rd period - Icing by Srebrenko Cvitanovic.
12:49 of 3rd period - Amadeus Helm wins face-off versus Srebrenko Cvitanovic in Orcas zone.
12:54 of 3rd period - Snap shot by Marly Ruttan.
12:54 of 3rd period - Stopped by Jessey Tarasuk with a rebound.
12:56 of 3rd period - Snap shot by Thornton Upchurch.
12:56 of 3rd period - Stopped by Jessey Tarasuk with a rebound.
13:36 of 3rd period - Wrist shot by Reeti Tiitinen.
13:36 of 3rd period - Stopped by Aleksey Popleteyev with a rebound.
14:01 of 3rd period - Wrist shot by Thornton Upchurch.
14:01 of 3rd period - Stopped by Jessey Tarasuk with a rebound.
14:03 of 3rd period - Slapshot by Curtis Rowlands.
14:03 of 3rd period - Stopped by Jessey Tarasuk with a rebound.
14:05 of 3rd period - Wrist shot by Amadeus Helm.
14:05 of 3rd period - Stopped by Jessey Tarasuk with a rebound.
14:07 of 3rd period - Slapshot by Curtis Rowlands.
14:07 of 3rd period - Shot Blocked by Sixten Angstrom.
14:09 of 3rd period - Slapshot by Reading Hosler.
14:09 of 3rd period - Shot Misses the Net.
14:11 of 3rd period - Slapshot by Thornton Upchurch.
14:11 of 3rd period - Shot Misses the Net.
14:13 of 3rd period - Slapshot by Curtis Rowlands.
14:13 of 3rd period - Deflect By Sixten Angstrom.
14:13 of 3rd period - Stopped by Jessey Tarasuk without a rebound.
14:14 of 3rd period - Carsten Kerly wins face-off versus Alec Welsford in Orcas zone.
14:27 of 3rd period - Backhand shot by Terry Vasey.
14:27 of 3rd period - Stopped by Jessey Tarasuk without a rebound.
14:28 of 3rd period - Jeffrey Mitton wins face-off versus Mikko-Matti Forsblad in Orcas zone.
14:55 of 3rd period - Ignaty Otlesnov is hit by Jefferey OHoran and loses puck.
15:02 of 3rd period - Wrist shot by Darian Goebel.
15:02 of 3rd period - Stopped by Aleksey Popleteyev without a rebound.
15:03 of 3rd period - Klemen Napotnik wins face-off versus Jefferey OHoran in Militia zone.
15:03 of 3rd period - Klemen Napotnik is hit by Max Cooper.
15:11 of 3rd period - Snap shot by Marten Gronvall.
15:11 of 3rd period - Stopped by Jessey Tarasuk without a rebound.
15:12 of 3rd period - Marten Gronvall wins face-off versus Antonio Macphedron in Orcas zone.
16:33 of 3rd period - Slapshot by Antonio Macphedron.
16:33 of 3rd period - Goal by Antonio Macphedron - Militia : 3 - Orcas : 5.
16:34 of 3rd period - Jeffrey Mitton wins face-off versus Eduard Yerokhin in neutral zone.
16:49 of 3rd period - Backhand shot by Justice Wang.
16:49 of 3rd period - Stopped by Aleksey Popleteyev with a rebound.
17:15 of 3rd period - Lachlan Zilligen is hit by Keegan Ramkema and loses puck.
17:32 of 3rd period - Terry Vasey is hit by Jamal Gratton and loses puck.
18:56 of 3rd period - Wrist shot by Niko-Markus Tukia.
18:56 of 3rd period - Shot Misses the Net.
19:14 of 3rd period - Minor Penalty to Ignaty Otlesnov for Holding.
19:15 of 3rd period - Alec Welsford wins face-off versus Mikko-Matti Forsblad in Militia zone.
Goals for this period are 0 for Militia vs 2 for Orcas.
Shots for this period are 13 for Militia vs 15 for Orcas.

3 STARS

1st Star
RW
0
G 1
A 1
+/- 0
TOI 17:32
2nd Star
C
0
G 1
A 1
+/- 0
TOI 20:58
3rd Star
C
0
G 1
A 0
+/- 1
TOI 11:02

Game Stats

MIL
VS
ORC
3 Goals 5
33 Shots 32
8 Blocked Shots 12
27 Missed Shots 13
45.6 Faceoff % 54.4
2 Power Plays 6
0 Power Play Goals 1
0 Power Play % 0.16666666666667

GAME DETAILS

VENUE
Unknown
CITY
Unknown
REFEREES
Dan O'Rourke, Andrew Bruggeman
LINESMEN
Nick Seppla, Alec Larson
ATTENDANCE
16,731